 Dungeon Crawl Stone Soup version 0.30-a0-696-g2367cd04db (webtiles) character file.

Game seed: 2675423669529819724

173196 cforsyth the Thaumaturge (level 17, -3/134 HPs)
             Began as a Demonspawn Summoner on Jan 20, 2023.
             Was an Initiate of Gozag.
             Killed by an exploding themself (6 damage)
             ... ignited by their inner flame
             ... on level 4 of the Swamp on Jan 21, 2023.
             The game lasted 02:17:46 (49389 turns).

cforsyth the Thaumaturge (Demonspawn Summoner)     Turns: 49389, Time: 02:17:47

Health: -3/134     AC: 11    Str:  9    XL:     17   Next: 42%
Magic:  27/34      EV: 18    Int: 25    God:    Gozag
Gold:   4725       SH:  0    Dex: 15    Spells: 25/43 levels left

rFire   + + +      SeeInvis .    (no weapon)
rCold   + + .      Faith    .    (no shield)
rNeg    + . .      Spirit   .    Z - +2 robe {rC+ rF+}
rPois   .          Reflect  .    a - +1 hat
rElec   +          Harm     .    (cloak unavailable)
rCorr   .          Rampage  .    P - +0 pair of gloves
Will    ++...                    V - +1 pair of boots
Stlth   ++                       J - amulet of regeneration
HPRegen 1.22/turn                Y - ring of Toeppoxi {rF+ Will+ Int+2}
MPRegen 0.24/turn                j - ring of the Kangaroo {Fly rElec rF+ rC+ rN+}

@: flying
A: icy blue scales 2, icemail 1, spiny 2, condensation shield, weakness stinger
3
a: Renounce Religion, Potion Petition, Call Merchant, Bribe Branch


You were on level 4 of the Swamp.
You worshipped Gozag.
Gozag was most pleased with you.
You visited 6 branches of the dungeon, and saw 29 of its levels.
You also visited: Ice Cave.

You collected 8772 gold pieces.
You spent 1600 gold pieces at shops.
You paid 2447 gold pieces to Gozag.

Inventory:

Armour
 a - a +1 hat (worn)
 o - the +3 ring mail of Parlour Games {Dex+3}
   (You took it off a kobold on level 3 of the Dungeon)

   Dex:       It affects your dexterity (+3).
 P - a +0 pair of gloves (worn)
 V - a +1 pair of boots (worn)
 Z - a +2 robe of resistance (worn)
Jewellery
 c - a ring of protection from cold
 d - a +6 ring of intelligence
 f - a +4 ring of slaying
 j - the ring of the Kangaroo (right hand) {Fly rElec rF+ rC+ rN+}
   (You bought it in a shop on level 2 of the Orcish Mines)

   [ring of flight]

   rF:        It protects you from fire.
   rC:        It protects you from cold.
   rElec:     It insulates you from electricity.
   rN:        It protects you from negative energy.
   Fly:       It grants you flight.
 w - a ring of poison resistance
 B - a +4 ring of protection
 F - a ring of flight
 J - an amulet of regeneration (around neck)
 L - a ring of willpower
 N - an amulet of magic regeneration
 Q - a +4 ring of slaying
 X - an amulet of guardian spirit
 Y - the ring of Toeppoxi (left hand) {rF+ Will+ Int+2}
   (You found it in an ice cave)

   [ring of protection from fire]

   Int:       It affects your intelligence (+2).
   rF:        It protects you from fire.
   Will:      It increases your willpower.
Wands
 g - a wand of polymorph (5)
 n - a wand of light (24)
 C - a wand of paralysis (34)
 H - a wand of flame (34)
 W - a wand of digging (5)
Scrolls
 e - 5 scrolls of immolation
 k - 13 scrolls of identify
 l - 5 scrolls of vulnerability
 m - 9 scrolls of teleportation
 p - 4 scrolls of blinking
 q - 2 scrolls of fear
 r - 8 scrolls of enchant weapon
 s - 7 scrolls of enchant armour
 v - a scroll of torment
 y - 7 scrolls of poison
 z - 5 scrolls of amnesia
 E - 2 scrolls of fog
 M - a scroll of butterflies
 O - 5 scrolls of magic mapping
 S - 2 scrolls of silence
Potions
 b - 3 potions of magic
 h - 7 potions of lignification
 i - 5 potions of mutation
 t - 9 potions of curing
 u - 2 potions of flight
 x - 3 potions of ambrosia
 A - a potion of brilliance
 D - 4 potions of berserk rage
 G - 4 potions of haste
 I - 3 potions of attraction
 K - 5 potions of might
 T - 7 potions of resistance
 U - 4 potions of cancellation


   Skills:
 - Level 12.3 Fighting
 - Level 11.5 Dodging
 - Level 1.7 Stealth
 - Level 13.9 Spellcasting
 - Level 5.0 Hexes
 - Level 12.5 Summonings
 - Level 5.0 Translocations
 + Level 11.9 Transmutations
 + Level 12.9 Air Magic


You had 25 spell levels left.
You knew the following spells:

 Your Spells              Type           Power      Damage    Failure   Level
a - Summon Small Mammal   Summ           100%       N/A       1%          1
b - Call Imp              Summ           68%        N/A       1%          2
c - Call Canine Familiar  Summ           68%        N/A       1%          3
d - Summon Guardian Gole  Hex/Summ       57%        N/A       1%          3
e - Summon Lightning Spi  Summ/Air       69%        N/A       1%          4
f - Summon Forest         Summ/Tloc      28%        N/A       2%          5

Your spell library contained the following spells:

 Spells                   Type           Power      Damage    Failure   Level
 Apportation              Tloc           84%        N/A       1%          1
 Beastly Appendage        Tmut           100%       N/A       1%          1
 Blink                    Tloc           84%        N/A       1%          2
 Static Discharge         Conj/Air       98%        2-7/arc   1%          2
 Wereblood                Tmut           67%        N/A       1%          2
 Ignite Poison            Fire/Tmut/Pois 37%        N/A       1%          3
 Kindle Blastsparks       Fire/Tloc/Air  94%        2d17      1%          3
 Spider Form              Tmut/Pois      47%        N/A       1%          3
 Vhi's Electric Charge    Tloc/Air       100%       N/A       1%          3
 Blade Hands              Tmut           33%        N/A       1%          5
 Animate Armour           Summ/Erth      96%        N/A       2%          4
 Petrify                  Tmut/Erth      47%        N/A       2%          4
 Foxfire                  Conj/Fire      68%        2x1d7     3%          1
 Freeze                   Ice            68%        1d8       3%          1
 Necrotise                Necr           68%        1d7       3%          1
 Sublimation of Blood     Necr           17%        N/A       4%          2
 Manifold Assault         Tloc           42%        N/A       4%          4
 Arcjolt                  Conj/Air       24%        1d34      6%          5
 Lightning Bolt           Conj/Air       24%        1d40      6%          5
 Irradiate                Conj/Tmut      23%        3d19      8%          5
 Frozen Ramparts          Ice            34%        1d6       10%         3
 Hailstorm                Conj/Ice       17%        3d6       10%         3
 Leda's Liquefaction      Hex/Erth       14%        N/A       12%         4
 Freezing Cloud           Conj/Ice/Air   19%        6-21      16%         5
 Summon Hydra             Summ           34%        N/A       16%         7
 Storm Form               Tmut/Air       34%        N/A       17%         7
 Olgreb's Toxic Radiance  Pois           17%        N/A       32%         4
 Sticky Flame             Conj/Fire      17%        2d4       32%         4
 Conjure Ball Lightning   Conj/Air       24%        3x3d7     34%         6
 Statue Form              Tmut/Erth      31%        N/A       41%         6
 Fireball                 Conj/Fire      8%         3d6       67%         5
 Iskenderun's Battlesphe  Conj           17%        2d7       67%         5
 Lee's Rapid Deconstruct  Erth           8%         3d7*      67%         5
 Spellforged Servitor     Conj/Summ      24%        N/A       91%         7
 Iron Shot                Conj/Erth      8%         9d3       99%         6
 Starburst                Conj/Fire      8%         6d4       99%         6
 Orb of Destruction       Conj           8%         9d6       100%        7
 Ozocubu's Refrigeration  Ice            8%         4d9       100%        7
 Ignition                 Fire           8%         3d5       100%        8


Dungeon Overview and Level Annotations

Branches:
Dungeon (15/15)            Temple (1/1) D:4            Lair (5/5) D:9
  Swamp (4/4) Lair:2       Spider (2/4) Lair:2        Slime (0/5) Lair:5
    Orc (2/2) D:10            Elf (0/3) Orc:2        Vaults (0/5) D:13
 Depths (0/4) D:15          IceCv (visited)

Altars:
Ashenzari
Cheibriados
Dithmenos
Fedhas
Gozag
Hepliaklqana
Kikubaaqudgha
Makhleb
Nemelex Xobeh
Okawaru
Qazlal
Ru
Sif Muna
Trog
Uskayaw
Vehumet
Wu Jian
Xom
Yredelemnul

Shops:
D:2 (   Orc:1 ?   Orc:2 :****=((   Lair:1 :!:

Portals:
Pandemonium: Orc:2
Trove: D:10 (give +4 demon blade)

Annotations:
Swamp:1 3 runed translucent doors, Chaicat's ghost, journeyman MiFi
Swamp:3 Roxanne


Innate Abilities, Weirdness & Mutations

You are mostly covered in icy blue scales. (AC +3)
A meltable icy envelope protects you from harm. (AC +0)
You are mostly covered in sharp spines.
A meltable shield of frost defends you. (SH +0)
You have a sharp stinger which inflicts weakening toxins.


Message History

The fenstrider witch kicks you but does no damage.
The fenstrider witch is distracted by your dazzling golden aura.
You catch the helpless fenstrider witch completely off-guard!
You hit the fenstrider witch but do no damage.
The fenstrider witch is no longer distracted by gold.
The fenstrider witch is heavily wounded.
The fenstrider witch hits you!!
The fenstrider witch closely misses you.
The fenstrider witch is struck by your spines.
The fenstrider witch misses you. The fenstrider witch kicks you.
You hit the fenstrider witch but do no damage.
The fenstrider witch is heavily wounded.
The fenstrider witch hits you! The fenstrider witch misses you.
Your warg bites the fenstrider witch!
The fenstrider witch is struck by your spines.
The fenstrider witch hits you!!
* * * LOW HITPOINT WARNING * * *
The fenstrider witch kicks you!
* * * LOW HITPOINT WARNING * * *
The fenstrider witch barely misses you. The fenstrider witch kicks you!
* * * LOW HITPOINT WARNING * * *
Your warg barely misses the fenstrider witch.
The fenstrider witch hits you!
* * * LOW HITPOINT WARNING * * *
The fenstrider witch kicks you but does no damage.
Unknown command.
The fenstrider witch hits your warg! Flame seeps out of your guardian golem.
The fenstrider witch kicks your warg!! Flame seeps out of your guardian golem.
Your warg bites the fenstrider witch.
The fenstrider witch barely misses your warg.
The fenstrider witch kicks your warg!!
Your warg dies!
Your warg's corpse disappears in a puff of smoke!
Your guardian golem disappears in a puff of smoke!
Your guardian golem explodes!
The fiery explosion engulfs you.
Your icy defenses dissipate!
You resist.
You die...
Your body crumbles into a pile of gold.

♣~≈≈≈≈♣~≈#≈♣♣§°)~≈♣♣≈♣♣#..♣♣
♣≈~#~≈≈#...≈♣♣♣~~♣≈♣.≈...~~♣
♣♣..~≈♣≈~~.~~≈♣≈.~..~[.§~...♣♣
♣.~...§.~§.~.~♣.~...~.#..^♣..♣♣
♣~.......#~....$..~~~..[..~~~~.
♣.~..~~~...~.~~.♣♣.♣♣...♣[~~~..
♣♣.§♣...~...~.§~8.~.~♣.♣♣~...♣§
♣♣..~....~....§○§..~....~~~.~..
♣....~§..~.~..@§H~...♣~♣♣~♣♣~..
♣♣~♣§~.~..~....~..~♣♣♣♣♣♣♣♣♣♣[.
♣♣.~.~~~..~~..~..~.♣♣ ♣♣.~
♣♣..~~...~...♣♣...~.♣♣ ♣~~.
♣.~~......[~♣♣♣~.....♣ ♣.~~
♣♣~.~..~~..♣♣♣~.~.♣.♣♣ ♣♣.~
♣♣~~..~..♣♣♣ ♣♣~...♣♣ ♣♣~~
♣.~....)♣♣♣ ♣♣....♣♣ ♣.~~
♣♣....~.♣~♣♣♣~..♣♣♣♣♣♣ ♣♣♣♣.§~


You could see a fenstrider witch (berserk, ally target) and a friendly lightning
spire (summoned, sheltered).

Vanquished Creatures
  A fenstrider witch (Swamp:4)
  A statue (D:14)
  A boulder beetle (Spider:1)
  2 alligators
  2 death yaks (Lair:5)
  A deep elf pyromancer (D:14)
  An ugly thing (D:14)
  An elephant (Lair:5)
  2 cane toads
  A rime drake (Lair:2)
  A meliai (Lair:2)
  A tarantella (Spider:1)
  A hornet (Swamp:3)
  5 blink frogs
  A jumping spider (Spider:2)
  A spriggan (Swamp:2)
  A shadow (D:11)
  A slime creature (D:14)
  2 yaks (Lair:5)
  7 redbacks
  4 vampire mosquitoes (Swamp:2)
  A water moccasin (Lair:4)
  A swamp drake (Swamp:4)
  An ogre (D:10)
  2 wolves (Lair:5)
  5 bullfrogs
  A kobold brigand (D:10)
  2 killer bees (D:8)
  4 crimson imps (D:9)
  2 iguanas (D:4)
  2 orc wizards
  A nameless horror (Swamp:2)
  4 adders
  5 white imps (Lair:5)
  An ufetubus (D:6)
  12 orcs
  A giant cockroach (D:1)
  A goblin (D:3)
  3 hobgoblins
  3 kobolds
  A quokka (D:3)
  3 ball pythons
  2 bats
  2 frilled lizards
98 creatures vanquished.

Vanquished Creatures (collateral kills)
  Kirke (Lair:2)
  An orc warlord (Orc:2)
  A quicksilver ooze (IceCv)
  An eleionoma (Swamp:1)
  Nessos (D:15)
  4 bunyips
  A spark wasp (Spider:1)
  A statue (D:14)
  A shambling mangrove (Swamp:4)
  A fire dragon (D:11)
  3 salamander tyrants (D:14)
  A ghost crab (Lair:2)
  8 hydras
  A spriggan air mage (Swamp:4)
  An ice dragon (D:12)
  5 ogre magi
  2 catoblepae (Lair:5)
  7 alligators
  3 centaur warriors
  2 demonspawn (Orc:2)
  13 two-headed ogres
  A boulder beetle (D:8)
  7 orc high priests (Orc:2)
  3 death yaks (Lair:5)
  2 spriggan berserkers (Swamp:4)
  2 tengu warriors (D:15)
  A fire crab (shapeshifter) (D:14)
  A goliath frog (Swamp:1)
  3 skeletal warriors
  3 pharaoh ants
  2 orb spiders
  7 swamp dragons
  A bog body (Swamp:1)
  3 spriggan druids
  2 necromancers
  4 wizards
  7 orc knights
  A phantasmal warrior (D:12)
  2 deep elf zephyrmancers (D:14)
  3 orc sorcerers
  2 steelbarb worms
  8 ugly things
  6 deep elf pyromancers
  3 wolf spiders
  A will-o-the-wisp (Swamp:4)
  A cyclops (D:13)
  A moth of wrath (Spider:2)
  2 centaur zombies (D:15)
  A naga mage (D:15)
  A smoke demon (Orc:2)
  Maurice (Orc:2)
  3 black mambas
  4 elephants
  An ice statue (IceCv)
  A torpor snail (Lair:5)
  A centaur skeleton (D:15)
  An unseen horror (D:12)
  An unseen horror (shapeshifter) (D:15)
  4 cane toads
  A kobold demonologist (D:10)
  4 rime drakes
  2 efreet (D:14)
  A yaktaur (D:14)
  2 freezing wraiths
  A komodo dragon (shapeshifter) (D:14)
  5 komodo dragons
  5 tengu conjurers (D:14)
  An ice devil (Orc:2)
  3 polar bears
  2 tyrant leeches
  2 meliai (Lair:2)
  9 hornets
  9 trolls
  A hellwing (Orc:2)
  5 tarantellas (Spider:1)
  9 blink frogs
  2 dream sheep (Lair:4)
  22 slime creatures
  4 jumping spiders
  12 spriggans
  2 wraiths (D:13)
  2 shadows
  3 culicivoras
  4 hogs (Spider:1)
  8 yaks
  2 wyverns
  Eustachio (D:6)
  2 basilisks
  A human (shapeshifter) (D:13)
  8 vampire mosquitoes
  A steam dragon (D:8)
  12 swamp worms
  A chaos spawn (Orc:2)
  Menkaure (D:7)
  6 redbacks
  8 water moccasins
  25 orc warriors
  A great orb of eyes simulacrum (IceCv)
  4 swamp drakes
  13 wolves (Lair:5)
  9 ogres
  5 centaurs
  A phantom (D:7)
  A lemure (D:7)
  2 slime creature simulacra (IceCv)
  6 kobold brigands
  A spectral basilisk (Lair:2)
  Blork the orc (D:6)
  10 bullfrogs
  A spectral water moccasin (Lair:2)
  4 scorpions
  2 necrophages (D:5)
  2 gnoll sergeants
  2 glowing shapeshifter simulacra (IceCv)
  4 killer bees (D:7)
  A howler monkey (D:8)
  5 crimson imps (D:9)
  2 jellies
  27 orc priests
  7 hounds
  3 iguanas (D:6)
  15 orc wizards
  A boggart skeleton (D:15)
  A shapeshifter simulacrum (IceCv)
  20 gnolls
  4 adders
  7 white imps (Lair:5)
  4 ufetubi
  A worm (D:4)
  74 orcs
  3 endoplasms
  7 goblins
  4 hobgoblins
  27 kobolds
  A ball python (D:4)
  10 bats
  2 frilled lizards (D:3)
  10 rats
  A bush (D:5)
  A snaplasher vine (Swamp:2)
653 creatures vanquished.

Vanquished Creatures (others)
  Nikola (D:14)
  Mlioglotl (Swamp:4)
  Frances (D:14)
  An azure jelly (IceCv)
  2 quicksilver oozes (IceCv)
  A spark wasp (Spider:1)
  6 hydras
  A demonspawn (Orc:2)
  2 ghost crabs
  6 alligators
  A death knight (D:12)
  3 death yaks (Lair:5)
  3 centaur warriors
  2 two-headed ogres
  A deep troll shaman (Lair:5)
  2 orc high priests
  Sonja (D:12)
  3 spriggans
  A goliath frog (Swamp:4)
  2 bog bodies
  2 spriggan druids
  3 swamp dragons
  A phantasmal warrior (D:12)
  An orc knight (Orc:2)
  Pikel (D:7)
  5 ugly things (D:14)
  2 orc sorcerers (Orc:2)
  6 elephants
  A moth of wrath (Spider:2)
  2 black mambas
  An ice statue (IceCv)
  2 torpor snails
  4 cane toads
  A gargoyle (D:11)
  A komodo dragon (Lair:2)
  A freezing wraith (D:14)
  A tengu conjurer (D:14)
  A bloated husk (Swamp:4)
  A troll (D:10)
  A tarantella (Spider:1)
  Grinder (D:6)
  2 tyrant leeches
  4 hornets
  A polar bear (Lair:5)
  A dream sheep (Lair:4)
  5 slime creatures
  3 culicivoras
  A wraith (D:12)
  A wyvern (D:7)
  6 yaks
  A shadow (D:10)
  A spectral komodo dragon (Lair:2)
  2 basilisks (D:14)
  A vampire mosquito (Lair:1)
  A warg (Orc:2)
  A swamp worm (Swamp:2)
  2 spectral cane toads (Lair:2)
  2 water moccasins
  An ice beast (D:7)
  12 orc warriors
  2 great orb of eyes simulacra (IceCv)
  A swamp drake (Lair:1)
  A wolf (Lair:5)
  2 slime creature simulacra (IceCv)
  A kobold brigand (D:10)
  3 killer bees
  A jelly (D:7)
  Crazy Yiuf (D:6)
  3 orc priests (Orc:2)
  A gnoll bouda (D:7)
  2 orc wizards
  A shapeshifter simulacrum (IceCv)
  5 orcs
  3 kobolds (D:10)
  A bush (Lair:5)
  26 fungi
  26 plants
  17 snaplasher vines
225 creatures vanquished.

Grand Total: 976 creatures vanquished

Notes
Turn   | Place    | Note
-------+----------+-------------------------------------------
     0 | D:1      | cforsyth the Demonspawn Summoner began the quest for the
                  | Orb.
     0 | D:1      | Reached XP level 1. HP: 13/13 MP: 3/3
     1 | D:1      | Noticed an electric eel
   276 | D:1      | Gained mutation: You have a small tail. [demonic ancestry]
   276 | D:1      | Reached XP level 2. HP: 16/16 MP: 0/5
   663 | D:1      | Learned a level 2 spell: Call Imp
  1071 | D:2      | Reached XP level 3. HP: 24/24 MP: 4/7
  1109 | D:2      | Found Leemag's Weapon Boutique.
  1616 | D:3      | Reached skill level 3 in Spellcasting
  1663 | D:3      | Identified the +3 ring mail of Parlour Games {Dex+3}
  2321 | D:3      | Gained mutation: You have a tail ending in a sharp stinger.
                  | [demonic ancestry]
  2321 | D:3      | Reached XP level 4. HP: 30/30 MP: 5/8
  2327 | D:3      | Learned a level 3 spell: Call Canine Familiar
  2367 | D:3      | Learned a level 3 spell: Summon Guardian Golem
  2418 | D:3      | Found a hide-covered altar of Uskayaw.
  2679 | D:3      | Reached skill level 5 in Summonings
  2973 | D:3      | Reached skill level 1 in Hexes
  3269 | D:3      | Found a faded altar of an unknown god.
  3269 | D:3      | Found the Hermit's Pendant {Faith Invo=14 Evo=0 MP+5}
  3446 | D:4      | Gained mutation: A meltable shield of frost defends you.
                  | (SH +0) [demonic ancestry]
  3446 | D:4      | Reached XP level 5. HP: 35/35 MP: 1/10
  3971 | D:4      | Found a shimmering altar of Xom.
  4298 | D:4      | Found a staircase to the Ecumenical Temple.
  4405 | D:4      | Noticed a moth of wrath
  4492 | Temple   | Entered the Ecumenical Temple
  5029 | D:4      | Reached skill level 4 in Spellcasting
  5190 | D:4      | Found a bloodstained altar of Trog.
  5299 | D:4      | Reached XP level 6. HP: 41/41 MP: 8/12
  5401 | D:5      | Entered Level 5 of the Dungeon
  5506 | D:5      | Noticed an orc warrior
  5551 | D:5      | Killed an orc warrior
  5954 | D:5      | Reached XP level 7. HP: 36/46 MP: 4/14
  6334 | D:5      | Reached skill level 5 in Spellcasting
  6671 | D:5      | Identified the +0 robe of the Illusory Planets {+Blink
                  | Will+ Dex+7 Stlth-}
  6739 | D:5      | Gained mutation: You are partially covered in sharp spines.
                  | [demonic ancestry]
  6739 | D:5      | Reached XP level 8. HP: 52/52 MP: 16/16
  7169 | D:6      | Learned a level 4 spell: Summon Lightning Spire
  7376 | D:6      | Noticed Blork the orc
  7405 | D:6      | Killed Blork the orc
  7582 | D:6      | Reached skill level 5 in Hexes
  7685 | D:6      | Reached skill level 6 in Spellcasting
  8036 | D:6      | Noticed Eustachio
  8052 | D:6      | Killed Eustachio
  8053 | D:6      | Reached skill level 1 in Fighting
  8053 | D:6      | Reached skill level 1 in Air Magic
  8119 | D:6      | Found a runed translucent door.
  8120 | D:6      | Noticed Crazy Yiuf
  8144 | D:6      | Noticed Grinder
  8168 | D:6      | Killed Grinder
  8204 | D:6      | Found a broken altar of Ashenzari.
  8471 | D:6      | Found a sacrificial altar of Ru.
  8858 | D:7      | Noticed Pikel
  8876 | D:7      | Killed Pikel
  8877 | D:7      | Reached XP level 9. HP: 59/62 MP: 4/19
  9046 | D:7      | Noticed Menkaure
  9055 | D:7      | Killed Menkaure
  9377 | D:7      | Reached skill level 7 in Spellcasting
  9494 | D:7      | Found a stormy altar of Qazlal.
 10066 | D:8      | Noticed a boulder beetle
 10078 | D:8      | Killed a boulder beetle
 10079 | D:8      | Reached XP level 10. HP: 72/72 MP: 7/21
 10411 | D:6      | Killed Crazy Yiuf
 11329 | D:8      | Found a shimmering blue altar of Sif Muna.
 11337 | D:8      | Noticed a two-headed ogre
 11349 | D:8      | Killed a two-headed ogre
 11350 | D:8      | Reached skill level 5 in Fighting
 11350 | D:8      | Reached skill level 5 in Dodging
 12023 | D:9      | Found a blossoming altar of Fedhas.
 12349 | D:9      | Reached skill level 8 in Spellcasting
 12840 | D:9      | Found a staircase to the Lair.
 12964 | D:9      | Found an opulent altar of Gozag.
 12974 | D:9      | Noticed a cyan ugly thing
 12980 | D:9      | Reached skill level 5 in Air Magic
 13007 | D:9      | Killed a cyan ugly thing
 13213 | D:9      | Became a worshipper of Gozag Ym Sagoz the Greedy
 13778 | D:10     | Entered Level 10 of the Dungeon
 13871 | D:10     | Found a portal to a secret trove of treasure.
 13879 | D:10     | Noticed a two-headed ogre
 13886 | D:10     | Killed a two-headed ogre
 13887 | D:10     | Reached XP level 11. HP: 81/81 MP: 13/23
 14408 | D:10     | Found a staircase to the Orcish Mines.
 14468 | D:10     | Reached skill level 10 in Summonings
 14934 | D:11     | Noticed a two-headed ogre
 14942 | D:11     | Killed a two-headed ogre
 15434 | D:11     | Noticed a two-headed ogre
 15444 | D:11     | Killed a two-headed ogre
 15445 | D:11     | Reached skill level 9 in Spellcasting
 15551 | D:11     | Noticed a skeletal warrior
 15551 | D:11     | Noticed a fire dragon
 15726 | D:11     | Noticed a centaur warrior
 15737 | D:11     | Killed a centaur warrior
 15852 | Lair:1   | Entered Level 1 of the Lair of Beasts
 16609 | Lair:1   | Noticed a swamp dragon
 16625 | Lair:1   | Killed a swamp dragon
 16782 | Lair:1   | Gained mutation: You are partially covered in icy blue
                  | scales. (AC +2) [demonic ancestry]
 16782 | Lair:1   | Reached XP level 12. HP: 85/92 MP: 15/25
 17284 | Lair:2   | Noticed a seven-headed hydra
 17345 | Lair:2   | Killed a seven-headed hydra
 17654 | Lair:2   | Reached skill level 10 in Spellcasting
 18229 | Lair:2   | Noticed a ghost crab
 18247 | Lair:2   | Killed a ghost crab
 18346 | Lair:2   | Found a staircase to the Swamp.
 18756 | Lair:2   | Found a hole to the Spider Nest.
 19125 | Lair:3   | Noticed a six-headed hydra
 19133 | Lair:3   | Killed a six-headed hydra
 20351 | Lair:4   | Noticed a four-headed hydra
 20366 | Lair:4   | Killed a four-headed hydra
 20657 | Lair:4   | Reached skill level 11 in Spellcasting
 20927 | Lair:4   | Reached XP level 13. HP: 103/103 MP: 21/28
 20944 | Lair:4   | Reached skill level 10 in Fighting
 21646 | Lair:5   | Entered Level 5 of the Lair of Beasts
 21946 | Lair:5   | Found a frozen archway.
 22027 | IceCv    | Entered an ice cave
 22392 | IceCv    | Noticed a quicksilver ooze
 22397 | IceCv    | Killed a quicksilver ooze
 22398 | IceCv    | Reached skill level 10 in Dodging
 22546 | IceCv    | Noticed a quicksilver ooze
 22555 | IceCv    | Killed a quicksilver ooze
 22928 | IceCv    | Found a viscous altar of Jiyva.
 22928 | IceCv    | Noticed an azure jelly
 22937 | IceCv    | Noticed a quicksilver ooze
 22938 | IceCv    | Killed an azure jelly
 22942 | IceCv    | Killed a quicksilver ooze
 22943 | IceCv    | Reached skill level 12 in Spellcasting
 23348 | IceCv    | Identified the +1 robe of Lies {rF+ Regen+ Int-5}
 23351 | IceCv    | Identified the ring of Toeppoxi {rF+ Will+ Int+2}
 24439 | Lair:5   | Found a staircase to the Slime Pits.
 24917 | Lair:5   | Gained mutation: You are mostly covered in icy blue scales.
                  | (AC +3) [demonic ancestry]
 24917 | Lair:5   | Reached XP level 14. HP: 111/114 MP: 27/30
 25753 | Lair:5   | Identified the +9 sling "Cuetub" {flame, rElec rF+ MP-9
                  | Int+2}
 26021 | Orc:1    | Entered Level 1 of the Orcish Mines
 26349 | Orc:1    | Found Hoichamm's Magic Scroll Shoppe.
 26835 | Lair:1   | Bought Sif Muna's Thoughts on the Collective Compass for
                  | 756 gold pieces
 26841 | Lair:1   | Learned a level 5 spell: Summon Forest
 26968 | Orc:2    | Entered Level 2 of the Orcish Mines
 27215 | Orc:2    | Noticed an orc warlord
 27237 | Orc:2    | Reached skill level 1 in Translocations
 27254 | Orc:2    | Killed an orc warlord
 27463 | Orc:2    | Found Moly's Weapon Emporium.
 27503 | Orc:2    | Found a staircase to the Elven Halls.
 27608 | Orc:2    | Reached skill level 13 in Spellcasting
 27828 | Orc:2    | Found Xuep's General Store.
 27832 | Orc:2    | Found Quojitzi's General Store.
 28242 | Orc:2    | Found Puoptu's General Store.
 28271 | Orc:2    | Noticed Maurice
 28287 | Orc:2    | Paralysed by Maurice for 2 turns
 28301 | Orc:2    | Killed Maurice
 28483 | Orc:2    | Found Fiqod's General Store.
 28568 | Orc:2    | Found Maokhyo's Book Boutique.
 30700 | Orc:2    | Found Duequnwa's Jewellery Shop.
 30700 | Orc:2    | Found Ceinuhen's Antique Weapon Boutique.
 30701 | Orc:2    | Found a one-way gate leading to the halls of Pandemonium.
 30710 | Orc:2    | Bought the ring of the Kangaroo {Fly rElec rF+ rC+ rN+} for
                  | 844 gold pieces
 30955 | Orc:1    | Found an iron altar of Okawaru.
 31580 | D:12     | Noticed Sonja
 31603 | D:12     | Killed Sonja
 31976 | D:12     | Gained mutation: You have a sharp stinger which inflicts
                  | weakening toxins. [demonic ancestry]
 31976 | D:12     | Reached XP level 15. HP: 122/122 MP: 27/32
 32014 | D:12     | Reached skill level 5 in Translocations
 32636 | D:13     | Reached skill level 1 in Transmutations
 33495 | D:13     | Found a gate to the Vaults.
 34102 | D:14     | Noticed Frances
 34127 | D:14     | Killed Frances
 35028 | D:14     | Reached skill level 5 in Transmutations
 36617 | D:14     | Noticed Nikola
 36635 | D:14     | Killed Nikola
 36907 | D:14     | Found a radiant altar of Vehumet.
 37778 | D:15     | Entered Level 15 of the Dungeon
 37814 | D:15     | Gained mutation: A meltable icy envelope protects you from
                  | harm. (AC +0) [demonic ancestry]
 37814 | D:15     | Reached XP level 16. HP: 92/128 MP: 8/33
 39061 | D:15     | Noticed Nessos
 39073 | D:15     | Killed Nessos
 39388 | D:15     | Found a staircase to the Depths.
 39625 | Spider:1 | Entered Level 1 of the Spider Nest
 39625 | Spider:1 | Noticed Kirke
 39630 | Spider:1 | Reached skill level 10 in Air Magic
 40470 | Lair:2   | Killed Kirke
 40881 | Spider:1 | Identified the -1 pair of boots of Indecent Exposure {rElec
                  | Will+ Str+7 Stlth-}
 43392 | Swamp:1  | Entered Level 1 of the Swamp
 43530 | Swamp:1  | Reached skill level 10 in Transmutations
 44310 | Swamp:1  | Noticed Chaicat's ghost (journeyman MiFi)
 44311 | Swamp:1  | Found a runed translucent gate.
 44312 | Swamp:1  | Found a runed translucent gate.
 44314 | Swamp:1  | Found a runed translucent gate.
 46206 | Swamp:3  | Gained mutation: You are mostly covered in sharp spines.
                  | [demonic ancestry]
 46206 | Swamp:3  | Reached XP level 17. HP: 113/134 MP: 22/34
 46965 | Swamp:3  | Noticed Roxanne
 47225 | Swamp:4  | Entered Level 4 of the Swamp
 48503 | Swamp:4  | Identified the +8 dagger of Desperation {antimagic, Contam
                  | Fly rF+ rN++ Will+}
 48814 | Swamp:4  | Noticed Mlioglotl
 48927 | Swamp:4  | Killed Mlioglotl
 49388 | Swamp:4  | HP: 2/134 [fenstrider witch (11)]
 49389 | Swamp:4  | Killed by an exploding themself... ignited by their inner
                  | flame

Illustrated notes

Levels and vault maps discovered:
D:1:      arrival_aquarium_a, layout_rooms, hangedman_abyss_or_decor_lesser_grid
D:2:      layout_rooms, serial_shops, shop, minivault_27,
          minmay_misc_feat_plants
D:3:      minmay_angry_zag, layout_basic, mainiacjoe_overflow_surrounded_room,
          hellmonk_guarded_unrand_hermit
D:4:      layout_loops_ring, mainiacjoe_overflow_small_starburst, tgw_trog,
          temple_hall, serial_bayou_pond_c, eino_small_chamber_without_monster
D:5:      layout_loops_ring, nicolae_tso_swordbearing_angel,
          kb_lookout_dungeons_type, kennysheep_generic_room_2
D:6:      layout_loops_ring, mainiacjoe_overflow_alcove_2,
          nicolae_ru_the_path_less_chosen, kennysheep_flooded_box,
          grunt_decor_cap, uniq_grinder, uniq_blork_the_orc,
          uniq_crazy_yiuf_cottage, uniq_eustachio
D:7:      layout_loops_ring, mainiacjoe_overflow_24_doors, uniq_pikel,
          uniq_menkaure
D:8:      layout_basic, mainiacjoe_overflow_tiny_flanked, grunt_ministairs_9,
          minmay_misc_feat_enclosed, kennysheep_generic_room_8
D:9:      layout_layer_cave, nicolae_gozag_seed_capital, fedhas_altar_1,
          lair_entry_dummy, minmay_nine_imps
D:10:     layout_small_grid, kennysheep_orc_monster_closet_entryway,
          enter_trove_2
D:11:     kennysheep_big_flooded_room, layout_cave_pools
D:12:     dragon1_lemuel, layout_basic, uniq_sonja
D:13:     layout_roguey, david_vaults_4
D:14:     evilmike_halls_of_destruction, layout_rooms, minivault_28,
          uniq_frances
D:15:     grunt_enter_depths_magical_seal, layout_cave_pools,
          hangedman_decor_opposing, uniq_nessos
Temple:   minmay_temple_forest_path
Lair:1:   layout_regular_city, pond, grunt_megastairs_3
Lair:2:   layout_small_grid, nicolae_swamp_entry_spooky,
          hellmonk_spider_entry_life_and_decay, st_stairs_10, grunt_megastairs_2
Lair:3:   layout_chaotic_city, serial_bayou_shore_a
Lair:4:   layout_cave_pods, st_stairs_7, grunt_megastairs_1,
          infiniplex_staircase_pool_2
Lair:5:   grunt_lair_end_beastmaster, layout_long_grid, slime_entry_1,
          portal_ice_cave_entry_imps, chequers_serial_rivers_micro_b,
          lemuel_fruit_fields
Swamp:1:  layout_basic_swamp, ebering_ghost_rock_garden, hangedman_swamp_lotus
Swamp:2:  layout_basic_swamp, serial_swamp_ruin, evilmike_swamp_ruin_wall,
          evilmike_swamp_ruin_rubble_1, evilmike_swamp_ruin_rubble_2
Swamp:3:  layout_basic_swamp, evilmike_swamp_ruin_house_1, swamp_pool1,
          infiniplex_staircase_pool, uniq_roxanne
Swamp:4:  swamp_old_school, layout_basic_swamp, uniq_mlioglotl
Spider:1: layout_spider_delve, uniq_kirke
Spider:2: layout_spider_delve, drop_trap, guppyfry_spider_mini_2
Orc:1:    layout_diamond_mine, serial_shops,
          nicolae_shop_competitors_out_of_business, david_defended_altar_orc
Orc:2:    pf_orc_diabolical, layout_diamond_mine, serial_shops, shop_fountains,
          shop, nicolae_shop_hallway_plus, nicolae_shop_behind_doors,
          uniq_maurice

Skill      XL: |  1  2  3  4  5  6  7  8  9 10 11 12 13 14 15 16 17 |
---------------+----------------------------------------------------+-----
Spellcasting   | 3 4 5 6 7 8 9 11 12 13 | 13.9
Summonings     | 5 6 8 9 11 12 | 12.5
Hexes          | 1 2 3 4 5 |  5.0
Dodging        | 3 4 5 7 9 11 | 11.5
Fighting       | 2 4 6 7 9 11 12 | 12.3
Air Magic      | 2 3 5 9 11 12 | 12.9
Translocations | 4 5 |  5.0
Transmutations | 7 10 11 | 11.9
Stealth        | |  1.7

Action                   |  1- 3 |  4- 6 |  7- 9 | 10-12 | 13-15 | 16-18 || total
-------------------------+-------+-------+-------+-------+-------+-------++-------
Melee: Unarmed           |    47 |    50 |    41 |   121 |   266 |   118 ||   643
       Tailslap          |     5 |    11 |     1 |    27 |    71 |    27 ||   142
       Punch             |       |       |       |     1 |     4 |     2 ||     7
 Cast: Summon Small Mamm |    81 |    40 |    51 |    35 |     5 |     7 ||   219
       Call Imp          |     5 |    11 |    22 |    18 |     3 |     4 ||    63
       Call Canine Famil |       |    24 |    34 |    76 |   158 |    85 ||   377
       Summon Guardian G |       |     2 |     7 |    83 |   186 |    98 ||   376
       Summon Lightning  |       |       |     1 |    62 |   136 |    82 ||   281
       Summon Forest     |       |       |       |       |    40 |    51 ||    91
Invok: Call Merchant     |       |       |       |     1 |     2 |       ||     3
  Use: Scroll            |       |       |       |    25 |     8 |     5 ||    38
       Potion            |       |       |       |       |     5 |     4 ||     9
 Stab: Distracted        |     1 |       |       |     1 |     8 |     7 ||    17
       Sleeping          |     1 |       |       |       |       |       ||     1
       Petrified         |       |       |       |       |     4 |       ||     4
Armor: Robe              |    28 |    16 |    12 |    54 |    55 |   185 ||   350
       Ring mail         |       |       |       |    13 |   111 |       ||   124
Dodge: Dodged            |    62 |    74 |    58 |   162 |   364 |   359 ||  1079
Block: Other             |       |    14 |    18 |    40 |    75 |    75 ||   222

Table legend: (Time is in decaauts)
 A = Elapsed time spent in this place.
 B = Non-inter-level travel time spent in this place.
 C = Inter-level travel time spent in this place.
 D = Time resting spent in this place.
 E = Time spent auto-exploring this place.
 F = Levels seen in this place.
 G = Mean time per level.
                   A        B        C        D        E       F      G
               +--------+--------+--------+--------+--------+-----+--------+
         Total |  49533 |  47543 |   1990 |  13369 |  23309 |  30 | 1651.1 |
       Dungeon |  24264 |  23005 |   1259 |   4973 |  12662 |  15 | 1617.6 |
        Temple |    415 |    376 |     39 |      0 |    365 |   1 |  415.0 |
          Lair |   9727 |   9369 |    358 |   1770 |   5476 |   5 | 1945.4 |
         Swamp |   6000 |   5927 |     73 |   2449 |   2206 |   4 | 1500.0 |
   Spider Nest |   2530 |   2425 |    105 |   1424 |    571 |   2 | 1265.0 |
  Orcish Mines |   4798 |   4645 |    153 |   1503 |   1975 |   2 | 2399.0 |
      Ice Cave |   1796 |   1796 |      0 |   1250 |     54 |   1 | 1796.0 |
               +--------+--------+--------+--------+--------+-----+--------+

Top non-repeatable levels by time:
   Orc:2: 3912 daAuts
    D:14: 3881 daAuts
  Lair:2: 3174 daAuts
Spider:1: 2447 daAuts
  Lair:5: 2266 daAuts
  Lair:4: 1892 daAuts
     D:6: 1866 daAuts
 Swamp:3: 1845 daAuts
     D:9: 1843 daAuts
   IceCv: 1796 daAuts
     D:8: 1795 daAuts
     D:3: 1751 daAuts
     D:4: 1666 daAuts
    D:13: 1661 daAuts
     D:5: 1632 daAuts
